FIQ, neutral male gnomish Wizard --- ... h..*.- .....-- |......-- --........ ^ |......... |>....... --.aG.... |..a---- --.-- --- FIQ the Evoker Experience level: 1 Strength: 8 Dexterity: 14 Constitution: 15 Intelligence: 15 Wisdom: 12 Charisma: 11 Health: 0(15) Energy: 6(6) Def: 2 Gold: 286 Moves: 1368 Dungeon seed: qNKRapBrcLZCF6oc Game ID: FIQ_1624249911 Your Inventory: Coins $ - 286 gold pieces Weapons a - a blessed +1 quarterstaff (weapon in hands) Armor e - an uncursed +0 cloak of magic resistance (being worn) q - a blessed +0 orcish helm r - an uncursed +0 orcish helm (being worn) Comestibles i - an uncursed orange s - an uncursed food ration Scrolls u - a cursed scroll of identify w - an uncursed scroll of enchant weapon Spellbooks k - an uncursed spellbook of turn undead o - an uncursed spellbook of drain life v - an uncursed spellbook of cure blindness Potions j - an uncursed potion of healing m - 2 uncursed potions of fruit juice x - an uncursed potion of confusion A - a blessed potion of gain energy Wands b - an uncursed wand of striking (0:4) Tools h - an uncursed blindfold l - an uncursed oil lamp (lit) (0:1111) z - an uncursed oil lamp (0:1179) Gems n - an uncursed aquamarine stone Spells and supernatural/magical abilities: Name Level Category Cost Memory a - force bolt 1 attack 5pw 98% l - light 1 divination 5pw 98% m - magic missile 2 attack 10pw 98% s - slow monster 2 enchantment 10pw 98% W - pray for help -- divine ? -- Your skills at the end: Fighting Skills wands [Basic] Weapon Skills quarterstaff [Basic] Spellcasting Skills attack spells [Basic] enchantment spells [Basic] Final Attributes: You were haltingly aligned. You were magic resistant. You had infravision. You last prayed 900 turns ago. Thoth was noncommittal. You are dead. Vanquished creatures: a hobbit 3 garter snakes 2 jackals a fox 2 kobolds 4 goblins a grid bug 7 lichens 2 newts 23 creatures vanquished. Voluntary challenges: You never hit with a wielded weapon. You read items or engraved 3 times, starting on turn 182. You never genocided any monsters. You never polymorphed an object. You never changed form. You used no wishes. You never split a pudding. You never wrote Elbereth's name. You never violated your personal moral code. Dungeon overview: The Dungeons of Doom: levels 1 to 3 Level 1 some fountains a long staircase Level 2 a fountain Level 3 (closed shop) stairs to The Gnomish Mines The Gnomish Mines: levels 4 to 8 Level 4 stairs to The Dungeons of Doom Level 7 <- You were here Level 8 History has recorded: On T:1 you entered the Dungeons of Doom to retrieve the Amulet of Yendor! On T:416 you reached level 2 of The Dungeons of Doom. On T:894 you reached level 3 of The Dungeons of Doom. On T:1287 you reached level 1 of The Gnomish Mines. On T:1354 you reached level 4 of The Gnomish Mines. On T:1364 you reached level 5 of The Gnomish Mines. Score breakdown: Gold: 286 ( 8360 points) Experience: 1 level ( 0 points) Exploration: 8 levels ( 16.33%) (11456 points) Discoveries: 0 items ( 0.00%) ( 0 points) Valuables value: (no points given unless you survive) Artifact value: 0 ( 0 points) Variety of kills: 9 monsters ( 2.37%) ( 4616 points) Turncount: 1368 turns ( 0 points) Survival: died (score multiplied by 80%) Total score: 19545 Latest messages: Your lamp is now on. You are beginning to feel hungry. You see here a lamp. z - a lamp. Never mind. A - a fizzy potion. There's a trap there! (Use the 'moveonly' command to move there anyway.) A trap door opens up under you! You displace the dwarf. The hill orc hits! The hill orc throws a crude dagger! The crude dagger hits the hill orc. Kaablamm! You hear an explosion in the distance! Someone must have triggered a land mine. The killer bee stings! (4x) The killer bee's sting was poisoned! You die... Final status: Goodbye FIQ the Wizard, poisoned by a killer bee... You died in The Gnomish Mines on dungeon level 7 with 19545 points, and 286 pieces of gold, after 1368 moves. You were level 1 with a maximum of 15 hit points when you died.